 Dungeon Crawl Stone Soup version 0.31-a0-544-gceb718ecc6 (webtiles) character file.

Game seed: 3230141827140552020

1535 ytrimaz the Insei (level 8, -2/43 (51) HPs)
             Began as a Demonspawn Shapeshifter on Aug 16, 2023.
             Was a Follower of Hepliaklqana.
             Killed by divine providence
             ... invoked by Jeremiah
              (10 damage)
             ... on level 7 of the Dungeon.
             The game lasted 00:05:52 (4882 turns).

ytrimaz the Insei (Demonspawn Shapeshifter)         Turns: 4882, Time: 00:05:52

HP:   -2/43 (51)    AC: 10    Str: 15    XL:     8   Next: 55%
MP:   8/8           EV: 10    Int: 15    God:    Hepliaklqana [*.....]
Gold: 279           SH:  0    Dex: 17    Spells: 7/7 levels left

rFire   . .          .
                       - Unarmed
rCold   . . .        (no shield)
rNeg    . . .        n - +0 scale mail
rPois   .            (helmet currently unavailable)
rElec   .            (cloak currently unavailable)
rCorr   .            (gloves currently unavailable)
SInv    .            (boots currently unavailable)
Will    .....        (no amulet) Stlth
                     l - +4 ring of protection
HPRegen 0.27/turn    q - +6 ring of intelligence
MPRegen 0.11/turn

%: no passive effects
@: beast-form, heavily drained
A: beast (slay +3), reduced essence, horns 1, demonic guardian 2, spiny 2
a: Begin Untransformation, Renounce Religion, Recall Ancestor, Ancestor Identity


You were on level 7 of the Dungeon.
You worshipped Hepliaklqana.
Hepliaklqana was aware of your devotion.
You were a hulking beast.
You visited 2 branches of the dungeon, and saw 8 of its levels.

You collected 279 gold pieces.


Innate Abilities, Weirdness & Mutations

You are a hulking beast.
Your limbs bulge with bestial killing power. (Slay +3)
Your life essence is reduced to manifest your ancestor. (-10% HP)
You have a pair of small horns on your head.
A demonic guardian rushes to your aid.
You are mostly covered in sharp spines.


   Skills:
 + Level 2.4 Fighting
 + Level 3.6 Dodging
 + Level 7.8 Unarmed Combat
 + Level 5.2 Shapeshifting


You had 7 spell levels left.
You didn't know any spells.
Your spell library contained the following spells:

 Spells                   Type           Power      Damage    Failure   Level
 Slow                     Hex            0%         N/A       75%         1
 Confusing Touch          Hex            0%         N/A       98%         3
 Vampiric Draining        Necr           0%         2d6       98%         3

Inventory:

Armour
 n - a +0 scale mail (worn)
   (You found it on level 2 of the Dungeon)
 E - a scarf of resistance
   (You found it on level 6 of the Dungeon)
Jewellery
 l - a +4 ring of protection (left hand)
   (You took it off a goblin on level 2 of the Dungeon)
 q - a +6 ring of intelligence (right hand)
   (You found it on level 3 of the Dungeon)
 u - a ring of fire
   (You found it on level 4 of the Dungeon)
 x - a +6 ring of strength
   (You took it off an orc on level 6 of the Dungeon)
Talismans
 c - a beast talisman (active)
 d - a flux talisman
 B - a maw talisman
   (You found it on level 6 of the Dungeon)
Wands
 w - a wand of mindburst (15)
   (You found it on level 5 of the Dungeon)
 F - a wand of charming (5)
   (You found it on level 7 of the Dungeon)
Scrolls
 b - 2 scrolls of vulnerability {unknown}
 h - 5 scrolls of teleportation
 i - 5 scrolls of revelation {unknown}
 j - a scroll of noise
 m - a scroll of silence {unknown}
 p - a scroll of brand weapon {unknown}
 r - a scroll of immolation
 s - 2 scrolls of poison {unknown}
 t - a scroll of enchant weapon
 y - a scroll of amnesia {unknown}
Potions
 a - a potion of heal wounds {unknown}
 e - 3 potions of might {unknown}
 f - 3 potions of degeneration {unknown}
 g - 3 potions of curing {unknown}
 k - a potion of brilliance {unknown}
 o - 3 potions of attraction {unknown}
 z - a potion of enlightenment {unknown}
 A - a potion of invisibility {unknown}
 C - a potion of magic {unknown}
 D - a potion of lignification

Dungeon Overview and Level Annotations

Branches:
Dungeon (7/15) Zot: 26960  Temple (1/1) D:5 Zot: 5854

Altars:
Ashenzari
Dithmenos
Fedhas
Gozag
Hepliaklqana
Makhleb
Nemelex Xobeh
Okawaru
Qazlal
Ru
Sif Muna
Trog
Uskayaw
Vehumet
Wu Jian
Xom
Yredelemnul

Annotations:
D:4 4 runed translucent doors, Crazy Yiuf; Fodor's ghost, amateur MiFi; wormstring's ghost, amateur DrSh
D:7 Jeremiah
Temple 2 transporters

.## ..# # #.# .##
#.## ### ##..## #..#
##.## ##..b..# #..##
##...## ##Rbb# ....#
##..<..####.bF#
....###......##.h4###
##...#...........##
##.............###
###.##........##
######.....## ##..>##
#####


You could see the friendly Kaadiin the ancestor, Jeremiah (blind, ally target)
and a friendly orange demon (summoned).


Message History

Press: ? - help, Q - select action, (/) - cycle Shift-Dir - straight line, f/p - Jeremiah
Aim: Jeremiah, wielding a +2 glaive of draining and wearing a +0 robe (moderately wounded, blind, ally target, 64% to hit)
The bolt of light misses the butterfly.
The bolt of light hits Jeremiah!
The bolt of light hits the butterfly!
You kill the butterfly!
The butterfly disappears in a burst of colours!
Kaadiin hits the butterfly.
The butterfly dies!
The butterfly disappears in a burst of colours!
Jeremiah barely misses you.
Aiming: Bolt of Light
Press: ? - help, Q - select action, (/) - cycle Shift-Dir - straight line, f/p - Jeremiah
Aim: Jeremiah, wielding a +2 glaive of draining and wearing a +0 robe (moderately wounded, blind, ally target, 64% to hit)
The bolt of light hits the butterfly!
You kill the butterfly!
The butterfly disappears in a burst of colours!
The bolt of light hits Jeremiah!
The bolt of light misses the butterfly.
Kaadiin closely misses the butterfly.
Jeremiah hits you but does no damage.
You feel drained. 😕 HP[+1]
You now have 48 max hp (-1).
Unknown command.
Aiming: Bolt of Light
Press: ? - help, Q - select action, (/) - cycle Shift-Dir - straight line, f/p - Jeremiah
Aim: Jeremiah, wielding a +2 glaive of draining and wearing a +0 robe (heavily wounded, blind, ally target, 64% to hit)
The bolt of light misses the butterfly.
The bolt of light hits Jeremiah!
The bolt of light hits the butterfly!
You kill the butterfly!
The butterfly disappears in a burst of colours!
Jeremiah is no longer blind.
Kaadiin completely misses the butterfly.
Jeremiah hits you from afar with a +2 glaive of draining.
You feel drained. 😮 HP[-6]
You now have 47 max hp (-1).
You take 6 damage, and now have 35/47 hp.
Aiming: Bolt of Light
Press: ? - help, Q - select action, (/) - cycle Shift-Dir - straight line, f/p - Jeremiah
Aim: Jeremiah, wielding a +2 glaive of draining and wearing a +0 robe (severely wounded, ally target, 64% to hit)
The bolt of light misses the butterfly.
The bolt of light hits Jeremiah!
Jeremiah is blinded.
The bolt of light misses the butterfly.
The bolt of light hits the butterfly!
You kill the butterfly!
The butterfly disappears in a burst of colours!
Kaadiin hits the butterfly.
The butterfly dies!
The butterfly disappears in a burst of colours!
Jeremiah hits you from afar with a +2 glaive of draining!
You feel drained. 😮 HP[-8]
You now have 45 max hp (-2).
You take 8 damage, and now have 27/45 hp.
Aiming: Bolt of Light
Press: ? - help, Q - select action, (/) - cycle Shift-Dir - straight line, f/p - Jeremiah
Aim: Jeremiah, wielding a +2 glaive of draining and wearing a +0 robe (severely wounded, blind, ally target, 64% to hit)
The bolt of light hits the butterfly!
You kill the butterfly!
The butterfly disappears in a burst of colours!
The bolt of light hits Jeremiah!
The bolt of light hits the butterfly!
You kill the butterfly!
The butterfly disappears in a burst of colours!
The now-empty wand crumbles to dust.
Kaadiin hits the butterfly!
The butterfly dies!
The butterfly disappears in a burst of colours!
Jeremiah hits you from afar with a +2 glaive of draining!
* * * LOW HITPOINT WARNING * * *
You feel drained.
* * * LOW HITPOINT WARNING * * *
A demonic guardian appears! 😱 HP[-20]
You now have 43 max hp (-2).
You take 20 damage, and now have 7/43 hp.
MASSIVE DAMAGE!! (PAUSE) Unknown command.
Kaadiin hits the butterfly.
The butterfly dies!
The butterfly disappears in a burst of colours!
Your orange demon stings the butterfly.
The butterfly dies!
The butterfly disappears in a burst of colours! 😱 HP[+1] Unknown command.
Kaadiin closely misses Jeremiah.
Your orange demon misses Jeremiah.
Unknown command.
What are your orders? t - Shout!
Orders for allies: a - Attack new target. p - Attack previous target. r - Retreat! s - Stop attacking. g - Guard the area. f - Follow me.
Anything else - Cancel.
Gang up on whom?
Press: ? - help, Dir - move target, f/p - Jeremiah
Aim: Jeremiah, wielding a +2 glaive of draining and wearing a +0 robe (almost dead, blind, ally target) Attack!
Kaadiin closely misses Jeremiah.
Jeremiah shouts, "O dreadful one, destroy my foe!"
Something smites you!
You die...

Skill      XL: |  1  2  3  4  5  6  7  8 |
---------------+-------------------------+-----
Unarmed Combat | 3 4 6 7 |  7.8
Shapeshifting  | 3 4 5 |  5.2
Dodging        | 2 3 |  3.6
Fighting       | 2 |  2.4

Action                     |  1- 3 |  4- 6 |  7- 9 || total
---------------------------+-------+-------+-------++-------
  Melee: Unarmed           |    69 |    81 |    71 ||   221
         Punch             |     2 |     3 |     5 ||    10
         Headbutt          |     2 |    11 |    15 ||    28
 Invoke: Ancestor Identity |       |       |     1 ||     1
  Evoke: Wand              |       |       |     8 ||     8
    Use: Potion            |     1 |       |       ||     1
         Scroll            |       |       |     4 ||     4
   Stab: Sleeping          |     1 |     2 |       ||     3
         Distracted        |       |       |     1 ||     1
 Armour: Animal skin       |    10 |       |       ||    10
         Skin              |     1 |       |       ||     1
         Scale mail        |       |    25 |    21 ||    46
  Dodge: Dodged            |    45 |    40 |    32 ||   117

Levels and vault maps discovered:
D:1:      dpeg_arrival_three_same_balls, layout_loops_ring,
          basic_ecumenical_altar
D:2:      layout_basic, uniq_sigmund
D:3:      layout_loops_cross
D:4:      layout_basic, gammafunk_ghost_cemetery, minmay_quantized,
          uniq_menkaure, uniq_crazy_yiuf_cottage
D:5:      layout_loops_cross, mainiacjoe_overflow_brackets,
          minmay_temple_entry_stoned_glass
D:6:      layout_basic, nicolae_dithmenos_shadow_blocks,
          mainiacjoe_overflow_alcove_2
D:7:      layout_cave_pods, mainiacjoe_overflow_catwalk, uniq_maggie,
          uniq_jeremiah
Temple:   hellmonk_temple_divided_pantheon

Notes
Turn   | Place    | Note
-------+----------+-------------------------------------------
     0 | D:1      | ytrimaz the Demonspawn Shapeshifter began the quest for the
                  | Orb.
     0 | D:1      | Reached XP level 1. HP: 15/15 MP: 1/1
     0 | D:1      | magus.rc [v1.9.6]
   167 | D:1      | Gained mutation: You have a pair of small horns on your
                  | head. [demonic ancestry]
   167 | D:1      | Reached XP level 2. HP: 21/21 MP: 2/2
   202 | D:1      | Found a faded altar of an unknown god.
   343 | D:1      | Reached skill level 3 in Unarmed Combat
   668 | D:1      | Reached skill level 3 in Shapeshifting
   668 | D:1      | Gained mutation: A weak demonic guardian rushes to your
                  | aid. [demonic ancestry]
   668 | D:1      | Reached XP level 3. HP: 21/26 MP: 3/3
   866 | D:2      | Noticed Sigmund
   876 | D:2      | Killed Sigmund
   877 | D:2      | Reached skill level 2 in Dodging
   877 | D:2      | Reached skill level 4 in Shapeshifting
   877 | D:2      | Gained mutation: A demonic guardian rushes to your aid.
                  | [demonic ancestry]
   877 | D:2      | Reached XP level 4. HP: 29/32 MP: 4/4
   877 | D:2      | Gained mutation: You are partially covered in sharp spines.
                  | [demonic ancestry]
   877 | D:2      | Reached XP level 5. HP: 34/37 MP: 5/5
   948 | D:2      | You pick up a book of Debilitation and begin reading...
   948 | D:2      | You add the spells Slow, Vampiric Draining and Confusing
                  | Touch to your library.
  1571 | D:3      | Identified the +0 ring mail "Uhutiosy" {Str+2}
  1665 | D:3      | Gained mutation: You are mostly covered in sharp spines.
                  | [demonic ancestry]
  1665 | D:3      | Reached XP level 6. HP: 38/44 MP: 6/6
  1934 | D:3      | Noticed a water moccasin
  1939 | D:3      | Killed a water moccasin
  1940 | D:3      | Reached skill level 2 in Fighting
  1940 | D:3      | Reached skill level 4 in Unarmed Combat
  2339 | D:4      | Reached XP level 7. HP: 44/50 MP: 7/7
  2340 | D:4      | Identified the +1 robe of Dafetu {rElec Str+2}
  2422 | D:4      | Found a runed translucent door.
  2423 | D:4      | Noticed Crazy Yiuf
  2452 | D:4      | Reached skill level 3 in Dodging
  2452 | D:4      | Found a runed translucent gate.
  2452 | D:4      | Found a runed translucent gate.
  2459 | D:4      | Found a runed translucent gate.
  2477 | D:4      | Reached skill level 5 in Unarmed Combat
  2506 | D:4      | Noticed Menkaure
  2512 | D:4      | Killed Menkaure
  2890 | D:4      | Reached skill level 6 in Unarmed Combat
  2999 | D:4      | Noticed wormstring's ghost (amateur DrSh)
  2999 | D:4      | Noticed Fodor's ghost (amateur MiFi)
  3059 | D:5      | Entered Level 5 of the Dungeon
  3059 | D:5      | Found a staircase to the Ecumenical Temple.
  3070 | D:5      | Reached XP level 8. HP: 22/56 MP: 8/8
  3072 | Temple   | Found a transporter.
  3072 | Temple   | Found a transporter.
  3072 | Temple   | Found a transporter.
  3072 | Temple   | Found a transporter.
  3072 | Temple   | Entered the Ecumenical Temple
  3202 | Temple   | Became a worshipper of Hepliaklqana the Forgotten
  3317 | D:5      | Reached skill level 7 in Unarmed Combat
  3317 | D:5      | Reached skill level 5 in Shapeshifting
  3358 | D:5      | Found an opulent altar of Gozag.
  4100 | D:6      | Found a stormy altar of Qazlal.
  4213 | D:6      | Reached * piety under Hepliaklqana
  4222 | D:6      | Found a shadowy altar of Dithmenos.
  4864 | D:7      | Noticed Jeremiah
  4879 | D:7      | HP: 7/43 [Jeremiah/+2 glaive of draining (5)]
  4882 | D:7      | Killed from afar by Jeremiah

Vanquished Creatures
  Sigmund (D:2)
  Menkaure (D:4)
  2 water moccasins
  An ogre (D:5)
  2 centaurs
  3 scorpions (D:5)
  2 hounds (D:4)
  4 jellies
  3 orc priests
  2 iguanas
  2 orc wizards (D:4)
  5 adders
  4 gnolls (D:4)
  A white imp (D:6)
  2 worms
  5 dart slugs
  11 orcs
  7 bats
  5 endoplasms
  A giant cockroach (D:4)
  11 goblins
  7 hobgoblins
  6 jackals
  2 quokkas
  9 ball pythons
  2 frilled lizards (D:1)
  9 kobolds
  7 rats
117 creatures vanquished.

Vanquished Creatures (collateral kills)
  2 iguanas
  An orc (D:6)
3 creatures vanquished.

Grand Total: 120 creatures vanquished

Table legend:
 A = Non-vault XP
 B = Vault XP
 C = Vault XP percentage of total XP
 D = Non-vault monster count
 E = Vault monster count
 F = Vault count percentage of total count
                 A         B        C        D         E       F
            +---------+---------+-------+---------+---------+-------
      Total |    1701 |     492 |  22.4 |     112 |       8 |   6.7
            +---------+---------+-------+---------+---------+-------
        D:1 |      42 |       0 |   0.0 |      28 |       0 |   0.0
        D:2 |      85 |     239 |  73.8 |      24 |       1 |   4.0
        D:3 |     185 |       0 |   0.0 |      17 |       0 |   0.0
        D:4 |     449 |     253 |  36.0 |      23 |       7 |  23.3
        D:5 |     607 |       0 |   0.0 |      10 |       0 |   0.0
        D:6 |     333 |       0 |   0.0 |      10 |       0 |   0.0
            +---------+---------+-------+---------+---------+-------

Skill      XL: |  1  2  3  4  5  6  7  8 |
---------------+-------------------------+-----
Unarmed Combat | 3 4 6 7 |  7.8
Shapeshifting  | 3 4 5 |  5.2
Dodging        | 2 3 |  3.6
Fighting       | 2 |  2.4

Action                     |  1- 3 |  4- 6 |  7- 9 || total
---------------------------+-------+-------+-------++-------
  Melee: Unarmed           |    69 |    81 |    71 ||   221
         Punch             |     2 |     3 |     5 ||    10
         Headbutt          |     2 |    11 |    15 ||    28
 Invoke: Ancestor Identity |       |       |     1 ||     1
  Evoke: Wand              |       |       |     8 ||     8
    Use: Potion            |     1 |       |       ||     1
         Scroll            |       |       |     4 ||     4
   Stab: Sleeping          |     1 |     2 |       ||     3
         Distracted        |       |       |     1 ||     1
 Armour: Animal skin       |    10 |       |       ||    10
         Skin              |     1 |       |       ||     1
         Scale mail        |       |    25 |    21 ||    46
  Dodge: Dodged            |    45 |    40 |    32 ||   117

Illustrated notes

Table legend:
 A = Kills in this place as a percentage of kills in the entire game.
 B = Kills by you in this place as a percentage of kills by you in the entire game.
 C = Kills by friends in this place as a percentage of kills by friends in the entire game.
 D = Other kills in this place as a percentage of other kills in the entire game.
 E = Experience gained in this place as a percentage of experience gained in the entire game.
 F = Experience gained in this place divided by the number of levels of this place that you have seen.
                   A       B       C       D       E      F
               +-------+-------+-------+-------+-------+----------------------
         Total | 100.0 | 100.0 | 100.0 |   N/A | 100.0 | 274.1
       Dungeon | 100.0 | 100.0 | 100.0 |   N/A | 100.0 | 313.3
               +-------+-------+-------+-------+-------+----------------------

Table legend: (Time is in decaauts)
 A = Elapsed time spent in this place.
 B = Non-inter-level travel time spent in this place.
 C = Inter-level travel time spent in this place.
 D = Time resting spent in this place.
 E = Time spent auto-exploring this place.
 F = Levels seen in this place.
 G = Mean time per level.
                   A        B        C        D        E       F      G
               +--------+--------+--------+--------+--------+-----+--------+
         Total |   4861 |   4649 |    212 |    108 |   3775 |   8 |  607.6 |
       Dungeon |   4715 |   4516 |    199 |      0 |   3775 |   7 |  673.6 |
        Temple |    145 |    132 |     13 |    108 |      0 |   1 |  145.0 |
               +--------+--------+--------+--------+--------+-----+--------+

Top non-repeatable levels by time:
     D:6: 995 daAuts
     D:4: 868 daAuts
     D:1: 862 daAuts
     D:2: 696 daAuts
     D:5: 637 daAuts
     D:3: 617 daAuts
  Temple: 145 daAuts
     D:7: 38 daAuts
